AoeStats
← Lemi

Fortress

507308549Analyzed
4v4 RM · 16d ago on Sep 17, 2026· 39m 13s· 8 players
Game mode
Random Map
Map size
Huge
Population
200
Speed
Normal
Resources
Standard
Victory
Conquest
Starting age
Dark Age
Ending age
Imperial Age
RankedLock teamsTeams togetherTeam positionsShared explorationLock speedFull tech treeHidden civsTurbo modeCheats
Victory
Defeat
🇹🇷 Berbers · Türkiye
1164
+10
🇹🇷 Britons · Türkiye
1121
+11
🇹🇷 Khmer · Türkiye
1118
+11
🇹🇷 Byzantines · Türkiye
1115
+11
🇳🇱 Persians · Netherlands
1037
-11
🇸🇪 Magyars · Sweden
1013
-11
🇦🇷 Tatars · Argentina
1007
-11
🇩🇪 Teutons · Germany
987
-10
CaptnMyke
7:46 Feudal Age
11:15 Castle Age
10:01 Double-Bit Axe
14:04 Bow Saw
19:02 Kamandaran
18:28 Crossbowman
20:09 Squires
20:07 Fletching
21:35 Thumb Ring
21:46 Bodkin Arrow
27:47 Imperial Age
25:03 Loom
26:35 Wheelbarrow
26:13 Forging
26:09 Scale Barding Armor
27:23 Ballistics
29:19 Iron Casting
30:42 Two-Man Saw
30:03 Elite War Elephant
34:25 Onager
Big Olaf
7:23 Feudal Age
8:12 Double-Bit Axe
15:04 Castle Age
15:28 Wheelbarrow
15:05 Gold Mining
16:15 Bow Saw
15:50 Horse Collar
16:23 Stone Mining
17:20 Heavy Plow
22:50 Forging
22:46 Scale Barding Armor
27:38 Imperial Age
25:24 Hand Cart
24:56 Loom
27:09 Scale Mail Armor
27:45 Elite Teutonic Knight
29:09 Iron Casting
28:50 Chain Mail Armor
30:43 Conscription
32:30 Blast Furnace
33:20 Town Watch
33:13 Capped Ram
34:37 Crop Rotation
35:09 Two-Man Saw
35:36 Plate Mail Armor
34:29 Cavalier
35:21 Bloodlines
35:52 Ironclad
37:54 Chain Barding Armor
Tio Nacho
8:05 Feudal Age
12:39 Castle Age
11:07 Double-Bit Axe
11:15 Gold Mining
14:57 Bow Saw
17:24 Fletching
18:42 Ballistics
18:29 Padded Archer Armor
20:10 Wheelbarrow
20:37 Bodkin Arrow
22:01 Town Watch
23:08 Scale Barding Armor
23:10 Silk Armor
23:27 Bloodlines
23:17 Husbandry
35:49 Hand Cart
mati
InterfectoremTR | The Hood
6:41 Feudal Age
11:28 Castle Age
10:23 Double-Bit Axe
14:28 Fletching
17:11 Bow Saw
20:33 Horse Collar
22:25 Bodkin Arrow
22:31 Padded Archer Armor
22:46 Bloodlines
25:05 Heavy Plow
29:45 Imperial Age
31:39 Bracer
31:55 Leather Archer Armor
32:03 Ballistics
32:44 Chemistry
32:04 Elite Camel Archer
33:17 Thumb Ring
34:32 Ring Archer Armor
35:12 Conscription
Lemi
0:27 Loom
8:16 Feudal Age
12:55 Castle Age
11:15 Double-Bit Axe
11:31 Horse Collar
19:00 Wheelbarrow
20:03 Fletching
20:14 Padded Archer Armor
22:26 Bodkin Arrow
22:46 Leather Archer Armor
23:37 Bow Saw
23:29 Heavy Plow
24:56 Gold Mining
27:54 Imperial Age
26:11 Hand Cart
25:42 Town Watch
27:30 Ballistics
29:08 Caravan
30:14 Chemistry
29:19 Bracer
29:49 Ring Archer Armor
29:19 Bracer
30:30 Ring Archer Armor
30:59 Gold Shaft Mining
32:27 Two-Man Saw
31:51 Conscription
34:04 Yeomen
34:47 Elite Longbowman
36:42 Coinage
36:23 Guilds
Kopernik | The Hood
0:32 Loom
7:51 Feudal Age
8:41 Double-Bit Axe
11:37 Castle Age
18:50 Horse Collar
27:13 Imperial Age
25:15 Husbandry
25:26 Bloodlines
26:08 Caravan
27:05 Ballistics
27:22 Scale Barding Armor
28:11 Siege Engineers
28:30 Bow Saw
28:58 Chain Barding Armor
30:21 Chemistry
30:21 Elite Ballista Elephant
31:26 Conscription
31:37 Double Crossbow
33:40 Devotion
35:28 Plate Barding Armor
Torontist | The Hood
0:34 Loom
7:14 Feudal Age
7:48 Double-Bit Axe
13:22 Castle Age
14:32 Bow Saw
19:21 Wheelbarrow
21:46 Horse Collar
23:48 Heavy Plow
28:24 Imperial Age
27:14 Hand Cart
31:02 Chemistry
32:37 Two-Man Saw
32:20 Pikeman
34:00 Conscription
34:12 Elite Genitour
35:04 Caravan
35:34 Coinage
35:15 Guilds
36:01 Crop Rotation
36:35 Elite Cataphract
Connection lost

Rejoining the realm…

Still unreachable

The connection could not be restored.

Session expired

The server has moved on; the page needs a fresh start.